IL
PAWTUCKET RED SOX @ CHARLOTTE KNIGHTS
08/20/2048
 
TOP OF THE 1ST
Pawtucket Red Sox batting - Pitching for Charlotte Knights : LHP Carlos Toledo
Pitching: LHP Carlos Toledo
Batting: RHB Matt Hinkle 0-0: Ball
1-0: DOUBLE (Flyball, 8LXD, EV 104.4 MPH)
Batting: RHB Dave Burwell 0-0: Ball
1-0: Swinging Strike
1-1: Foul Ball, location: 2F
1-2: Ball
2-2: Strikes out swinging
Batting: RHB Jose Diaz 0-0: Swinging Strike
0-1: Swinging Strike
0-2: Ball
1-2: Fly out, F8 (Flyball, 89D, EV 101.2 MPH)
Runner from 2nd tags up, SAFE at 3rd, no throw by CF
Batting: SHB Willie Koviak 0-0: Called Strike
0-1: Foul Ball, location: 2F
0-2: Strikes out swinging
Top of the 1st over - 0 runs, 1 hit, 0 errors, 1 left on base; Pawtucket 0 - Charlotte 0
BOTTOM OF THE 1ST
Charlotte Knights batting - Pitching for Pawtucket Red Sox : RHP Justin Stinson
Pitching: RHP Justin Stinson
Batting: LHB John Thurman 0-0: Called Strike
0-1: Foul Ball, location: 2F
0-2: Fly out, F3 (Line Drive, 3, EV 63.8 MPH)
Batting: LHB Carlos Ramirez 0-0: SINGLE (Line Drive, 6M, EV 108.8 MPH)
Batting: LHB Joe Kirkland 0-0: Called Strike
0-1: Foul Ball, location: 2F
0-2: Ball
1-2: Ball
2-2: Foul Ball, location: 2F
2-2: Grounds into double play, 4-6-3 (Groundball, 34, EV 86.2 MPH)
Bottom of the 1st over - 0 runs, 1 hit, 0 errors, 0 left on base; Pawtucket 0 - Charlotte 0
TOP OF THE 2ND
Pawtucket Red Sox batting - Pitching for Charlotte Knights : LHP Carlos Toledo
Batting: RHB Brandon Perris 0-0: Ball
1-0: Ball
2-0: Ball
3-0: Base on Balls
Batting: RHB John Chiesa 0-0: Swinging Strike
0-1: Foul Ball, location: 2F
0-2: Strikes out swinging
Batting: RHB Andy Garvin 0-0: DOUBLE (Flyball, 8RXD, EV 110.0 MPH)
Brandon Perris to third
Batting: SHB Ben Ervin 0-0: Called Strike
0-1: Called Strike
0-2: Foul Ball, location: 2F
0-2: Foul Ball, location: 2F
0-2: Strikes out swinging
Batting: RHB Joe Evrard 0-0: Called Strike
0-1: Swinging Strike
0-2: Ball
1-2: Foul Ball, location: 2F
1-2: Foul Ball, location: 2F
1-2: Foul Ball, location: 2F
1-2: Ball
2-2: Strikes out swinging
Top of the 2nd over - 0 runs, 1 hit, 0 errors, 2 left on base; Pawtucket 0 - Charlotte 0
BOTTOM OF THE 2ND
Charlotte Knights batting - Pitching for Pawtucket Red Sox : RHP Justin Stinson
Batting: RHB Fletcher Easter 0-0: Ball
1-0: Foul Ball, location: 2F
1-1: Ball
2-1: Foul Ball, location: 2F
2-2: Strikes out swinging
Batting: LHB Ricardo Pagan 0-0: Ball
1-0: SINGLE (Groundball, 6S, EV 66.9 MPH) (infield hit)
Batting: RHB Jeremy Hoffert 0-0: Fly out, F6 (Flyball, 6MD, EV 93.8 MPH)
Batting: RHB Danny Longoria 0-0: Called Strike
0-1: Swinging Strike
0-2: TRIPLE (Flyball, 78XD, EV 99.4 MPH)
Ricardo Pagan scores
Batting: LHB Edgar Castillo 0-0: Called Strike
0-1: Foul Ball, location: 2F
0-2: Ball
1-2: Ball
2-2: Ball
3-2: Strikes out looking
Bottom of the 2nd over - 1 run, 2 hits, 0 errors, 1 left on base; Pawtucket 0 - Charlotte 1
TOP OF THE 3RD
Pawtucket Red Sox batting - Pitching for Charlotte Knights : LHP Carlos Toledo
Batting: RHB Matt Hinkle 0-0: Ball
1-0: Swinging Strike
1-1: Fly out, F8 (Line Drive, 8LD, EV 96.9 MPH)
Batting: RHB Dave Burwell 0-0: Fly out, F3 (Popup, 3SF, EV 71.2 MPH)
Batting: RHB Jose Diaz 0-0: Foul Ball, location: 2F
0-1: Called Strike
0-2: Ground out 5-3 (Groundball, 56S, EV 76.2 MPH)
Top of the 3rd over - 0 runs, 0 hits, 0 errors, 0 left on base; Pawtucket 0 - Charlotte 1
BOTTOM OF THE 3RD
Charlotte Knights batting - Pitching for Pawtucket Red Sox : RHP Justin Stinson
Batting: RHB Kikuo Sato 0-0: Foul Ball, location: 2F
0-1: Ball
1-1: Ground out 5-3 (Groundball, 56S, EV 90.6 MPH)
Batting: LHB John Thurman 0-0: Ball
1-0: Ball
2-0: Ball
3-0: Base on Balls
Batting: LHB Carlos Ramirez 0-0: Ball
1-0: Ball
Wild Pitch!
John Thurman to second
2-0: Swinging Strike
2-1: Foul Ball, location: 2F
2-2: Ball
3-2: Strikes out swinging
Batting: LHB Joe Kirkland 0-0: Ball
1-0: Ground out 5-3 (Groundball, 6S, EV 88.1 MPH)
Bottom of the 3rd over - 0 runs, 0 hits, 0 errors, 1 left on base; Pawtucket 0 - Charlotte 1
TOP OF THE 4TH
Pawtucket Red Sox batting - Pitching for Charlotte Knights : LHP Carlos Toledo
Batting: SHB Willie Koviak 0-0: SINGLE (Groundball, 6, EV 95.6 MPH)
Batting: RHB Brandon Perris 0-0: Ball
1-0: Fly out, F5 (Line Drive, 5, EV 62.5 MPH)
Batting: RHB John Chiesa 0-0: Ball
1-0: Foul Ball, location: 2F
1-1: Ball
2-1: Foul Ball, location: 2F
2-2: Strikes out looking
Batting: RHB Andy Garvin 0-0: Called Strike
0-1: Fielders Choice at 2nd, 6-4 (Groundball, 6, EV 106.9 MPH)
Top of the 4th over - 0 runs, 1 hit, 0 errors, 1 left on base; Pawtucket 0 - Charlotte 1
BOTTOM OF THE 4TH
Charlotte Knights batting - Pitching for Pawtucket Red Sox : RHP Justin Stinson
Batting: RHB Fletcher Easter 0-0: Ball
1-0: Called Strike
1-1: SINGLE (Line Drive, 56, EV 98.1 MPH)
Batting: LHB Ricardo Pagan 0-0: Ball
1-0: Fielders Choice at 2nd, 6-4 (Groundball, 6, EV 98.1 MPH)
Batting: RHB Jeremy Hoffert 0-0: Ball
1-0: Ball
2-0: Swinging Strike
2-1: Foul Ball, location: 2F
2-2: Ball
3-2: DOUBLE (Line Drive, 3D, EV 99.4 MPH)
Ricardo Pagan to third
Batting: RHB Danny Longoria 0-0: Ball
1-0: Ball
2-0: Foul Ball, location: 2F
2-1: Called Strike
2-2: Ground out 3-1 (Groundball, 34S, EV 60.0 MPH)
Ricardo Pagan scores
Jeremy Hoffert to third
Batting: LHB Edgar Castillo 0-0: Called Strike
0-1: Ball
1-1: Ball
2-1: SINGLE (Groundball, 4D, EV 95.0 MPH)
Jeremy Hoffert scores
Batting: RHB Kikuo Sato 0-0: Called Strike
Edgar Castillo steals 2nd base
0-1: Ball
1-1: Ball
2-1: Ground out 4-3 (Groundball, 4, EV 108.1 MPH)
Bottom of the 4th over - 2 runs, 3 hits, 0 errors, 1 left on base; Pawtucket 0 - Charlotte 3
TOP OF THE 5TH
Pawtucket Red Sox batting - Pitching for Charlotte Knights : LHP Carlos Toledo
Batting: SHB Ben Ervin 0-0: Ball
1-0: Ball
2-0: Ball
3-0: Swinging Strike
3-1: Base on Balls
Batting: RHB Joe Evrard 0-0: Called Strike
0-1: Hit by Pitch
Ben Ervin to second
Batting: RHB Matt Hinkle 0-0: Called Strike
0-1: SINGLE (Groundball, 6S, EV 70.0 MPH) (infield hit)
Ben Ervin to third
Joe Evrard to second
Batting: RHB Dave Burwell 0-0: Called Strike
0-1: Ball
1-1: Called Strike
1-2: Foul Ball, location: 2F
1-2: Foul Ball, location: 2F
1-2: Grounds into fielders choice 6-2 (Groundball, 6MS, EV 70.0 MPH)
Joe Evrard to third
Matt Hinkle to second
Batting: RHB Jose Diaz 0-0: Ball
1-0: Swinging Strike
1-1: Swinging Strike
1-2: Ball
2-2: Ball
3-2: Strikes out swinging
Batting: SHB Willie Koviak 0-0: Fly out, F9 (Flyball, 89D, EV 90.6 MPH)
Top of the 5th over - 0 runs, 1 hit, 0 errors, 3 left on base; Pawtucket 0 - Charlotte 3
BOTTOM OF THE 5TH
Charlotte Knights batting - Pitching for Pawtucket Red Sox : RHP Justin Stinson
Batting: LHB John Thurman 0-0: Ball
1-0: Ball
2-0: Called Strike
2-1: Ball
3-1: Foul Ball, location: 2F
3-2: Strikes out swinging
Batting: LHB Carlos Ramirez 0-0: Ball
1-0: Ball
2-0: Called Strike
2-1: Foul Ball, location: 2F
2-2: Strikes out swinging
Batting: LHB Joe Kirkland 0-0: Called Strike
0-1: Swinging Strike
0-2: Ball
1-2: DOUBLE (Flyball, 8LXD, EV 106.2 MPH)
Batting: RHB Fletcher Easter 0-0: Ball
1-0: Ball
2-0: Ball
3-0: Called Strike
3-1: Swinging Strike
3-2: Base on Balls
Batting: LHB Ricardo Pagan 0-0: Ball
1-0: Foul Ball, location: 2F
1-1: Ball
2-1: Swinging Strike
2-2: Strikes out looking
Bottom of the 5th over - 0 runs, 1 hit, 0 errors, 2 left on base; Pawtucket 0 - Charlotte 3
TOP OF THE 6TH
Pawtucket Red Sox batting - Pitching for Charlotte Knights : LHP Carlos Toledo
Batting: RHB Brandon Perris 0-0: Called Strike
0-1: Ball
1-1: Ground out 6-3 (Groundball, 6, EV 87.5 MPH)
Batting: RHB John Chiesa 0-0: Called Strike
0-1: Ball
1-1: Foul Ball, location: 2F
1-2: Strikes out swinging
Batting: RHB Andy Garvin 0-0: Ball
1-0: Ball
2-0: Ground out 5-3 (Groundball, 5D, EV 106.9 MPH)
Top of the 6th over - 0 runs, 0 hits, 0 errors, 0 left on base; Pawtucket 0 - Charlotte 3
BOTTOM OF THE 6TH
Charlotte Knights batting - Pitching for Pawtucket Red Sox : RHP Justin Stinson
Batting: RHB Jeremy Hoffert 0-0: Called Strike
0-1: Ball
1-1: SINGLE (Flyball, 56D, EV 88.1 MPH)
Pitching: RHP Jose Escobar
Batting: RHB Danny Longoria 0-0: Called Strike
0-1: Fielders Choice at 2nd, 4-6 (Groundball, P, EV 86.2 MPH)
Batting: LHB Edgar Castillo 0-0: Ball
1-0: Foul Ball, location: 2F
1-1: Ball
2-1: Foul Ball, location: 2F
2-2: Ball
3-2: Ground out 5-3 (Groundball, 5L, EV 111.9 MPH)
Danny Longoria to second
Batting: RHB Kikuo Sato 0-0: Ball
1-0: Called Strike
1-1: Foul Ball, location: 2F
1-2: Strikes out swinging
Bottom of the 6th over - 0 runs, 1 hit, 0 errors, 1 left on base; Pawtucket 0 - Charlotte 3
TOP OF THE 7TH
Pawtucket Red Sox batting - Pitching for Charlotte Knights : LHP Carlos Toledo
Batting: SHB Ben Ervin 0-0: Ball
1-0: Foul Ball, location: 2F
1-1: Foul Ball, location: 2F
1-2: Ground out U3 (Groundball, 13, EV 85.0 MPH)
Batting: RHB Joe Evrard 0-0: Called Strike
0-1: Foul Ball, location: 2F
0-2: Ball
1-2: Strikes out swinging
Batting: RHB Matt Hinkle 0-0: Ball
1-0: Fly out, F5 (Popup, 56, EV 67.5 MPH)
Top of the 7th over - 0 runs, 0 hits, 0 errors, 0 left on base; Pawtucket 0 - Charlotte 3
BOTTOM OF THE 7TH
Charlotte Knights batting - Pitching for Pawtucket Red Sox : RHP Jose Escobar
Batting: LHB John Thurman 0-0: Ball
1-0: Ball
2-0: SINGLE (Flyball, 78S, EV 93.8 MPH)
Batting: LHB Carlos Ramirez 0-0: Ball
1-0: Ball
2-0: Fly out, F7 (Flyball, 7LM, EV 106.2 MPH)
Batting: LHB Joe Kirkland 0-0: Called Strike
0-1: Called Strike
John Thurman is caught stealing 2nd base 2-6
0-2: Strikes out swinging
Bottom of the 7th over - 0 runs, 1 hit, 0 errors, 0 left on base; Pawtucket 0 - Charlotte 3
TOP OF THE 8TH
Pawtucket Red Sox batting - Pitching for Charlotte Knights : LHP Carlos Toledo
Now at 1B: Ron Johansen
Batting: RHB Dave Burwell 0-0: SINGLE (Line Drive, 34, EV 98.1 MPH)
Batting: RHB Jose Diaz 0-0: Foul Ball, location: 2F
0-1: Ball
1-1: Swinging Strike
1-2: Fielders Choice at 2nd, 3-6 (Groundball, 3, EV 86.2 MPH)
Pitching: RHP Dave McGee
Batting: SHB Willie Koviak 0-0: Swinging Strike
0-1: Ball
1-1: Called Strike
1-2: Strikes out swinging
Batting: RHB Brandon Perris 0-0: Fielders Choice at 2nd, 6-4 (Groundball, 6, EV 80.0 MPH)
Top of the 8th over - 0 runs, 1 hit, 0 errors, 1 left on base; Pawtucket 0 - Charlotte 3
BOTTOM OF THE 8TH
Charlotte Knights batting - Pitching for Pawtucket Red Sox : RHP Jose Escobar
Batting: RHB Fletcher Easter 0-0: Called Strike
0-1: Foul Ball, location: 2F
0-2: Foul Ball, location: 2F
0-2: Ball
1-2: Strikes out swinging
Batting: LHB Ricardo Pagan 0-0: Called Strike
0-1: Swinging Strike
0-2: Strikes out swinging
Batting: RHB Jeremy Hoffert 0-0: Called Strike
0-1: Foul Ball, location: 2F
0-2: Strikes out looking
Bottom of the 8th over - 0 runs, 0 hits, 0 errors, 0 left on base; Pawtucket 0 - Charlotte 3
TOP OF THE 9TH
Pawtucket Red Sox batting - Pitching for Charlotte Knights : RHP Dave McGee
Batting: RHB John Chiesa 0-0: Ball
1-0: Swinging Strike
1-1: Ball
2-1: Called Strike
2-2: Fly out, F9 (Flyball, 9S, EV 92.5 MPH)
Batting: RHB Andy Garvin 0-0: Ball
1-0: Ball
2-0: Called Strike
2-1: Foul Ball, location: 2F
2-2: Foul Ball, location: 2F
2-2: Ball
3-2: Ground out U3 (Groundball, 3, EV 80.0 MPH)
Batting: SHB Ben Ervin 0-0: Ball
1-0: Ball
2-0: Foul Ball, location: 2F
2-1: Ball
3-1: Called Strike
3-2: Ground out 4-3 (Groundball, 4, EV 106.2 MPH)
Top of the 9th over - 0 runs, 0 hits, 0 errors, 0 left on base; Pawtucket 0 - Charlotte 3
Tuesday, March 28th , 2023 - OOTP Baseball 23.10 Build 110